Map: Fields of Death

Players

Noszczu

  • Race: Protoss Protoss

serabio

  • Race: Zerg Zerg

neulaender - Winner!

  • Race: Zerg Zerg

Baumdoktor - Winner!

  • Race: Protoss Protoss

VOD

Have the link to the VOD?

Description

Time

  • Played on: Oct. 21, 2016, 1:04 p.m.
  • Length: 15:06
Show
View Real Time Build Order
Export as new Build Order

Noszczu Protoss 

Build Orders:  

Get SALT Encoding   

  12  0:01  Probe (Chrono Boost)  
  13  0:13  Pylon  
  13  0:17  Probe (Chrono Boost)  
  14  0:28  Probe (Chrono Boost)  
  15  0:34  Gateway  
  15  0:38  Probe (Chrono Boost)  
  16  0:49  Probe (Chrono Boost)  
  17  0:50  Assimilator  
  17  1:00  Probe (Chrono Boost)  
  18  1:11  Probe (Chrono Boost)  
  19  1:21  Probe (Chrono Boost)  
  19  1:23  Cybernetics Core  
  19  1:24  Pylon  
  20  1:28  Assimilator  
  20  1:32  Probe (Chrono Boost)  
  21  1:44  Probe (Chrono Boost)  
  23  2:04  Nexus, Unknown  
  23  2:05  Mothership Core (Chrono Boost)  
  23  2:08  Adept  
  26  2:23  Pylon  
  26  2:25  Pylon  
  26  2:32  Probe (Chrono Boost)  
  26  2:35  Adept  
  29  2:47  Pylon  
  29  3:02  Adept  
  31  3:13  Gateway  
  31  3:16  Unknown  
  29  3:43  Probe (Chrono Boost)  
  29  3:48  Probe (Chrono Boost)  
  31  3:54  Probe (Chrono Boost)  
  32  3:58  Probe (Chrono Boost)  
  32  4:00  Adept x2  
  37  4:04  Probe (Chrono Boost)  
  37  4:09  Probe (Chrono Boost)  
  39  4:20  Warp Gate  
  39  4:28  Probe x2 (Chrono Boost)  
  41  4:34  Assimilator  
  41  4:37  Assimilator  
  42  4:39  Probe x2 (Chrono Boost)  
  42  4:41  Robotics Facility  
  42  4:43  Pylon  
  42  4:44  Twilight Council  
  43  4:53  Pylon  
  43  4:57  Pylon  
  36  5:15  Adept  
  38  5:26  Probe (Chrono Boost)  
  38  5:27  Probe (Chrono Boost)  
  40  5:35  Immortal  
  44  5:36  Probe (Chrono Boost), Blink  
  44  5:39  Probe (Chrono Boost)  
  44  5:40  Adept, Pylon  
  48  5:47  Probe (Chrono Boost)  
  48  5:49  Gateway, Pylon  
  50  5:51  Probe (Chrono Boost), Gateway  
  50  5:52  Pylon  
  50  5:54  Pylon  
  25  6:40  Immortal  
  25  6:43  Stalker x2  
  33  6:51  Probe (Chrono Boost)  
  33  6:53  Probe (Chrono Boost)  
  35  7:02  Probe (Chrono Boost)  
  35  7:05  Probe (Chrono Boost)  
  37  7:10  Stalker  
  37  7:11  Stalker  
  42  7:17  Probe (Chrono Boost)  
  42  7:21  Immortal  
  46  7:23  Stalker  
  46  7:24  Stalker  
  46  7:25  Probe (Chrono Boost)  
  46  7:29  Probe (Chrono Boost)  
  52  7:35  Probe (Chrono Boost)  
  53  7:41  Probe (Chrono Boost)  
  54  7:52  Stalker  
  54  7:53  Stalker  
  58  7:59  Probe (Chrono Boost)  
  58  8:00  Immortal  
  58  8:01  Probe (Chrono Boost)  
  65  8:13  Probe (Chrono Boost)  
  65  8:30  Stalker x4  
  65  8:31  Probe (Chrono Boost)  
  65  8:33  Probe (Chrono Boost)  
  75  8:42  Probe (Chrono Boost)  
  75  8:45  Probe (Chrono Boost)  
  77  8:52  Probe (Chrono Boost)  
  77  8:53  Immortal  
  79  8:57  Probe (Chrono Boost)  
  79  8:59  Stalker x4  
  91  9:03  Probe (Chrono Boost)  
  91  9:09  Probe (Chrono Boost)  
  93  9:13  Probe (Chrono Boost)  
  94  9:21  Dark Shrine  
  94  9:31  Pylon  
  94  9:33  Pylon  
  94  9:49  Probe (Chrono Boost)  
  94  9:50  Probe (Chrono Boost)  
  96  9:56  Stalker x2  
  100  10:11  Nexus, Unknown  
  96  10:14  Pylon  
  60  10:44  Immortal  
  60  10:45  Stalker x4  
  53  11:18  Stalker x4  
  61  11:23  Unknown, Immortal  
  61  11:25  Mothership Core (Chrono Boost)  
  63  11:33  Robotics Facility  
  63  11:40  Gateway  
  63  11:41  Stalker x4  
  63  11:42  Gateway  
  57  12:15  Immortal  
  48  12:35  Stalker x5  
  48  12:36  Stalker  
  60  12:47  Immortal  
  60  12:55  Immortal  
  68  13:00  Stalker  
  68  13:01  Stalker x5  
  80  13:25  Immortal  
  80  13:33  Stalker x5  
  80  13:34  Stalker, Immortal  
  82  14:01  Stalker x3  
  82  14:02  Stalker x3  
  64  14:13  Immortal  
  53  14:18  Immortal  
  59  14:55  Nexus, Unknown  
Show
View Real Time Build Order
Export as new Build Order

serabio Zerg 

Build Orders: Pool First 

Get SALT Encoding   

  12  0:01  Drone  
  13  0:08  Drone  
  14  0:20  Overlord  
  14  0:35  Spawning Pool  
  13  0:37  Drone  
  13  0:40  Drone  
  15  0:45  Drone  
  16  0:52  Drone  
  17  0:59  Drone  
  18  1:16  Unknown, Hatchery  
  17  1:19  Extractor  
  17  1:22  Zergling x2  
  17  1:23  Zergling x2  
  18  1:32  Zergling x2  
  19  1:37  Queen  
  21  1:42  Zergling x2  
  22  2:00  Overlord  
  22  2:28  Unknown  
  22  2:33  Zergling x4  
  22  2:34  Zergling x2  
  24  2:48  Zergling x2  
  24  2:49  Zergling x4  
  25  3:00  Zergling x2  
  25  3:01  Zergling x4  
  25  3:05  Lair  
  27  3:13  Drone  
  27  3:16  Overlord  
  28  3:52  Zergling x2  
  23  4:07  Spire  
  23  4:08  Drone x4  
  25  4:10  Drone  
  25  4:11  Drone x2  
  27  4:21  Drone  
  27  4:23  Drone  
  29  4:26  Queen  
  31  4:33  Extractor, Drone  
  31  4:35  Overlord  
  31  4:45  Overlord  
  31  4:46  Drone  
  32  4:59  Drone  
  34  5:00  Drone x2  
  35  5:09  Spine Crawler  
  34  5:14  Spine Crawler  
  34  5:18  Mutalisk x2  
  37  5:25  Extractor  
  37  5:27  Mutalisk x2  
  40  5:29  Drone  
  40  5:30  Drone x3  
  44  5:37  Spine Crawler  
  43  5:43  Zerg Flyer Weapons Level 1  
  42  5:56  Mutalisk  
  43  6:14  Extractor  
  43  6:15  Mutalisk  
  38  6:43  Mutalisk  
  38  6:44  Mutalisk  
  40  6:59  Mutalisk x2  
  44  7:01  Drone x2  
  46  7:17  Mutalisk  
  48  7:25  Mutalisk x2  
  48  7:28  Unknown, Hatchery  
  51  7:43  Zerg Flyer Weapons Level 2  
  51  8:07  Spore Crawler  
  51  8:08  Unknown, Hatchery  
  51  8:11  Spore Crawler  
  48  8:14  Drone x4  
  52  8:20  Overlord x2  
  52  8:21  Overlord x4  
  52  8:32  Overlord  
  52  8:39  Unknown  
  52  8:42  Queen, Drone  
  52  8:48  Drone x3  
  57  8:49  Drone  
  59  8:59  Mutalisk  
  59  9:00  Mutalisk  
  63  9:05  Drone  
  63  9:08  Drone x2  
  66  9:20  Mutalisk x2, Unknown  
  66  9:21  Mutalisk  
  72  9:33  Mutalisk x3  
  72  9:36  Drone  
  72  9:37  Drone  
  80  9:44  Drone  
  80  9:45  Drone x3  
  83  9:49  Extractor  
  83  9:52  Extractor, Drone x2  
  74  10:11  Mutalisk x3  
  74  10:12  Mutalisk x2  
  80  10:33  Mutalisk x2  
  80  10:34  Mutalisk  
  80  10:44  Mutalisk  
  80  10:48  Zergling x6  
  80  10:49  Zergling x6  
  80  10:51  Metabolic Boost  
  72  11:45  Mutalisk  
  72  11:46  Mutalisk x5  
  70  11:47  Mutalisk  
  76  12:01  Mutalisk  
  76  12:05  Extractor  
  74  12:14  Mutalisk  
  65  12:23  Mutalisk  
  65  12:24  Mutalisk x2  
  65  12:29  Mutalisk  
  73  12:37  Extractor  
  73  12:40  Drone x3  
  75  12:50  Mutalisk  
  75  12:51  Mutalisk x4  
  75  12:52  Mutalisk  
  85  13:03  Mutalisk  
  85  13:04  Mutalisk  
  89  13:08  Drone x2  
  88  13:15  Mutalisk x2  
  88  13:19  Drone  
  93  13:24  Drone x4  
  93  13:25  Drone  
  96  13:54  Mutalisk x3  
  98  14:14  Mutalisk  
  98  14:15  Mutalisk x5  
  98  14:16  Mutalisk, Overlord x2  
  98  14:17  Overlord  
  110  14:24  Mutalisk  
Show
View Real Time Build Order
Export as new Build Order

neulaender Zerg - Winner!

Build Orders: Hatch First 

Get SALT Encoding   

  12  0:01  Drone  
  13  0:16  Overlord, Drone  
  14  0:35  Drone x2  
  16  0:45  Drone  
  17  0:56  Unknown, Hatchery  
  16  0:57  Drone  
  17  1:09  Extractor  
  16  1:13  Spawning Pool  
  16  1:16  Drone  
  16  1:23  Drone  
  17  1:36  Drone  
  17  1:38  Overlord  
  18  1:50  Drone  
  18  1:54  Overlord  
  19  2:00  Queen  
  21  2:08  Unknown  
  21  2:09  Queen  
  21  2:13  Spine Crawler  
  22  2:17  Zergling x2  
  22  2:21  Zergling x2  
  24  2:25  Drone  
  25  2:31  Zergling x4  
  27  2:49  Metabolic Boost  
  27  2:50  Zergling x2  
  27  2:51  Zergling x6  
  30  3:01  Zergling x2  
  31  3:10  Zergling x4  
  33  3:13  Queen  
  34  3:20  Drone x3  
  34  3:42  Spore Crawler  
  34  3:45  Drone x2  
  34  3:46  Drone  
  34  3:47  Spore Crawler  
  34  3:48  Drone x3  
  37  3:59  Zergling x6  
  37  4:09  Roach Warren  
  36  4:15  Zergling x6  
  36  4:16  Zergling x2  
  38  4:19  Zergling x2  
  39  4:29  Zergling x8  
  43  4:37  Lair  
  43  4:39  Extractor  
  43  4:40  Drone  
  43  4:55  Evolution Chamber  
  42  5:00  Drone x2  
  42  5:03  Overlord x2  
  40  5:24  Spine Crawler  
  40  5:27  Zerg Missile Weapons Level 1  
  39  5:30  Evolution Chamber  
  39  5:34  Glial Reconstitution  
  38  5:36  Drone x2  
  38  5:37  Drone x4  
  38  5:40  Drone  
  45  5:57  Drone  
  45  5:58  Drone x2  
  45  5:59  Drone x2  
  45  6:01  Drone x3  
  45  6:02  Drone  
  54  6:05  Extractor  
  53  6:34  Spore Crawler  
  53  6:37  Spore Crawler  
  48  6:40  Spore Crawler  
  48  6:41  Zerg Ground Armor Level 1  
  45  6:53  Drone x2  
  45  6:54  Drone  
  44  6:59  Roach  
  46  7:06  Hydralisk Den, Drone x3  
  49  7:08  Drone x3  
  49  7:09  Drone  
  49  7:11  Extractor  
  51  7:21  Zerg Melee Weapons Level 1  
  51  7:22  Drone x3  
  52  7:29  Overlord  
  52  7:38  Muscular Augments, Hydralisk x4  
  52  7:42  Overlord x2  
  60  7:55  Roach x3  
  60  7:56  Roach  
  68  7:59  Unknown, Hatchery  
  68  8:05  Roach x4  
  75  8:19  Roach  
  83  8:20  Roach x3  
  83  8:24  Zergling x2  
  84  8:27  Overlord  
  84  8:34  Zerg Missile Weapons Level 2  
  84  8:36  Extractor  
  83  8:42  Overlord  
  83  8:43  Overlord  
  83  8:47  Extractor  
  82  8:51  Hydralisk  
  82  8:52  Hydralisk x4  
  82  8:54  Overlord  
  82  8:55  Overlord  
  92  9:07  Lurker Den  
  92  9:11  Unknown  
  92  9:17  Zergling x14  
  93  9:18  Zergling x2  
  99  9:39  Hydralisk x6  
  101  10:15  Pneumatized Carapace  
  101  10:17  Queen  
  101  10:18  Drone  
  101  10:19  Drone x2  
  106  10:21  Overseer  
  106  10:22  Overseer x2  
  81  10:30  Hydralisk  
  81  10:31  Hydralisk x8  
  81  10:34  Zergling x4  
  81  10:35  Zergling x2  
  82  10:55  Zergling x2  
  82  10:56  Zergling x2  
  84  10:57  Zergling x2  
  84  10:59  Zergling x2  
  84  11:00  Zergling x2  
  87  11:11  Drone x2  
  89  11:13  Hydralisk  
  89  11:14  Hydralisk x6  
  103  11:23  Hydralisk x2  
  107  11:27  Overlord  
  107  11:30  Zerg Ground Armor Level 2  
  104  12:01  Hydralisk  
  104  12:02  Hydralisk x7  
  104  12:03  Extractor, Unknown, Hatchery  
  104  12:04  Zergling x2  
  104  12:05  Extractor  
  117  12:22  Zergling x6  
  120  12:23  Zergling x6  
  123  12:40  Infestation Pit  
  122  12:54  Zergling x2  
  123  13:09  Drone x6  
  123  13:10  Drone x2  
  131  13:15  Unknown  
  131  13:20  Extractor  
  131  13:21  Unknown, Hatchery  
  131  13:23  Roach  
  131  13:24  Roach x6  
  131  13:26  Overlord x3  
  143  13:36  Drone  
  143  13:37  Overlord  
  143  13:38  Overlord  
  144  13:51  Hydralisk  
  144  13:52  Hydralisk x2  
  138  13:59  Zergling x8  
  107  14:16  Hydralisk  
  107  14:17  Hydralisk x5  
  89  14:26  Spore Crawler  
  89  14:27  Spore Crawler  
  89  14:30  Hydralisk  
  89  14:31  Spore Crawler, Hydralisk  
  88  14:32  Unknown  
  88  14:33  Zergling x2  
  84  14:49  Spine Crawler  
Show
View Real Time Build Order
Export as new Build Order

Baumdoktor Protoss - Winner!

Build Orders: 1 Gate Expand 

Get SALT Encoding   

  12  0:03  Probe (Chrono Boost)  
  13  0:13  Probe (Chrono Boost)  
  14  0:22  Pylon  
  14  0:24  Probe (Chrono Boost)  
  15  0:41  Probe (Chrono Boost)  
  16  0:44  Gateway  
  16  0:51  Probe (Chrono Boost)  
  17  1:02  Probe (Chrono Boost)  
  18  1:14  Nexus, Unknown  
  18  1:21  Pylon  
  18  1:25  Probe (Chrono Boost)  
  19  1:34  Cybernetics Core  
  19  1:39  Assimilator  
  19  1:43  Assimilator  
  19  1:46  Probe (Chrono Boost)  
  20  2:09  Probe (Chrono Boost)  
  20  2:13  Zealot  
  23  2:26  Unknown  
  20  2:55  Stalker  
  22  3:14  Probe (Chrono Boost)  
  23  3:22  Probe (Chrono Boost)  
  24  3:32  Probe (Chrono Boost)  
  25  3:39  Gateway x2  
  25  3:43  Gateway  
  25  3:44  Stalker  
  22  4:11  Warp Gate  
  22  4:14  Stalker  
  22  4:16  Probe (Chrono Boost)  
  25  4:19  Probe (Chrono Boost)  
  26  4:26  Probe (Chrono Boost), Twilight Council  
  28  4:31  Probe (Chrono Boost)  
  28  4:37  Probe (Chrono Boost)  
  29  4:40  Stalker  
  29  4:45  Mothership Core (Chrono Boost)  
  33  4:47  Probe (Chrono Boost)  
  34  5:03  Stalker  
  36  5:30  Blink  
  36  5:33  Pylon  
  37  5:44  Probe (Chrono Boost)  
  37  5:45  Probe (Chrono Boost)  
  38  5:55  Probe (Chrono Boost)  
  38  5:56  Probe (Chrono Boost)  
  40  6:06  Probe (Chrono Boost)  
  41  6:14  Pylon  
  41  6:16  Probe (Chrono Boost)  
  42  6:21  Pylon  
  40  6:35  Pylon  
  40  6:49  Stalker x3  
  40  6:50  Stalker  
  49  7:01  Probe (Chrono Boost)  
  49  7:06  Assimilator  
  49  7:10  Assimilator  
  49  7:12  Probe (Chrono Boost)  
  49  7:14  Pylon  
  49  7:15  Pylon  
  50  7:18  Charge  
  50  7:22  Probe (Chrono Boost)  
  50  7:27  Stalker x2  
  50  7:28  Stalker x2  
  58  7:37  Forge  
  59  7:53  Probe x2 (Chrono Boost)  
  60  7:59  Sentry x2  
  60  8:04  Probe (Chrono Boost)  
  60  8:05  Probe (Chrono Boost)  
  66  8:14  Probe (Chrono Boost)  
  66  8:17  Probe (Chrono Boost)  
  68  8:25  Probe (Chrono Boost)  
  67  8:36  Stalker x4  
  75  8:55  Stargate  
  75  9:00  Probe (Chrono Boost)  
  76  9:11  Pylon  
  76  9:13  Pylon  
  76  9:15  Protoss Ground Weapons Level 1  
  76  9:18  Pylon  
  76  9:30  Probe (Chrono Boost)  
  77  9:39  Stargate, Void Ray  
  77  9:40  Probe (Chrono Boost)  
  82  10:04  Zealot  
  82  10:05  Zealot x3  
  68  10:54  Protoss Ground Armor Level 1  
  54  11:32  Gateway  
  54  11:33  Gateway  
  54  11:34  Gateway, Void Ray x2  
  54  11:39  Gateway  
  62  11:41  Gateway  
  62  11:44  Gateway  
  60  12:00  Stalker  
  60  12:01  Stalker  
  58  12:15  Nexus, Unknown  
  58  12:17  Void Ray x2  
  58  12:19  Pylon  
  58  12:21  Pylon  
  66  12:30  Protoss Ground Weapons Level 2  
  66  12:37  Stalker x3  
  68  12:39  Stalker  
  68  12:44  Stalker x5  
  76  12:45  Stalker  
  86  13:00  Void Ray x2  
  86  13:02  Protoss Air Weapons Level 1  
  94  13:26  Unknown  
  94  13:28  Assimilator  
  94  13:30  Probe (Chrono Boost)  
  94  13:32  Assimilator  
  95  13:38  Pylon  
  95  13:40  Probe (Chrono Boost), Pylon  
  96  13:43  Void Ray  
  96  13:47  Stalker x2  
  92  13:51  Probe (Chrono Boost)  
  83  14:25  Stalker x3  
  83  14:26  Stalker x5  
  83  14:27  Stalker x2  
Tags
 
Add a new tag
Caveats
  • Supply blocks, unpowered buildings, or Contaminate may cause inaccurate times.
  • Supply counts are checked every 10 seconds.